Map: Whirlwind LE (Void)

Players

DIMAGA

  • Race: Zerg Zerg
  • League: Grandmaster
  • Spawn Location: 11:00

Neeblet (Neeb) - Winner!

  • Race: Protoss Protoss
  • Spawn Location: 5:00

Event: NationWars IV

VOD

Have the link to the VOD?

Description

Time

  • Played on: Dec. 23, 2016, 1:40 p.m.
  • Length: 12:45
Show
View Real Time Build Order
Export as new Build Order

DIMAGA Zerg 

Build Orders: Hatch First 

Get SALT Encoding   

  12  0:00  Drone  
  13  0:12  Overlord  
  13  0:17  Drone  
  14  0:30  Drone x2  
  14  0:34  Drone  
  17  0:51  Hatchery  
  17  0:53  Drone  
  17  0:56  Drone  
  18  1:08  Extractor  
  18  1:11  Spawning Pool  
  16  1:14  Drone  
  16  1:18  Drone  
  18  1:28  Drone  
  19  1:38  Overlord  
  19  1:49  Drone  
  20  1:58  Queen  
  20  2:00  Zergling x2  
  23  2:03  Queen  
  23  2:04  Drone  
  23  2:07  Metabolic Boost  
  26  2:11  Drone  
  26  2:14  Drone  
  28  2:25  Drone x2  
  30  2:35  Zergling x2  
  31  2:42  Hatchery  
  30  2:48  Zergling x2  
  30  2:49  Overlord  
  30  2:50  Pneumatized Carapace, Drone  
  32  3:07  Drone x2  
  32  3:08  Drone x2  
  36  3:13  Drone x6  
  41  3:22  Overlord  
  41  3:28  Evolution Chamber  
  41  3:30  Overlord  
  40  3:34  Zergling x2  
  40  3:35  Zergling x2  
  40  3:40  Drone x3  
  44  3:50  Drone x4  
  44  3:53  Lair  
  44  3:55  Queen  
  50  3:57  Extractor  
  49  4:06  Drone x6  
  55  4:12  Spore Crawler  
  51  4:21  Drone x3  
  51  4:22  Drone x5  
  49  4:35  Spore Crawler  
  49  4:37  Zerg Melee Weapons Level 1  
  46  4:42  Drone x7  
  53  4:49  Spore Crawler  
  52  4:54  Extractor  
  52  4:55  Zergling x10  
  52  4:57  Drone  
  53  5:08  Overlord x2  
  53  5:09  Drone x2  
  55  5:14  Extractor, Spire  
  55  5:15  Drone x3  
  55  5:19  Drone  
  56  5:37  Drone x8  
  63  5:44  Extractor  
  63  5:45  Extractor, Drone x3  
  63  5:46  Drone x5  
  69  5:57  Drone  
  70  5:58  Drone  
  70  5:59  Drone  
  70  6:03  Overlord  
  72  6:06  Zergling x2  
  72  6:07  Zergling x2  
  72  6:21  Overlord x4  
  72  6:27  Hatchery  
  72  6:31  Zerg Flyer Weapons Level 1  
  69  6:33  Drone  
  69  6:34  Drone x2  
  69  6:35  Drone x2, Zerg Melee Weapons Level 2  
  74  6:45  Drone  
  74  6:46  Baneling Nest, Mutalisk x5  
  84  6:48  Mutalisk  
  86  6:59  Mutalisk x2  
  86  7:00  Mutalisk x2  
  94  7:05  Drone  
  94  7:07  Drone  
  96  7:11  Overlord  
  96  7:20  Extractor  
  96  7:21  Overlord x3  
  95  7:24  Extractor, Drone x4  
  95  7:26  Roach Warren  
  97  7:34  Drone  
  97  7:35  Drone  
  97  7:36  Drone x6  
  105  7:43  Zergling x10  
  105  8:01  Drone x3  
  105  8:02  Drone x9  
  112  8:13  Overlord  
  112  8:16  Mutalisk x7  
  125  8:22  Hatchery  
  124  8:27  Overlord  
  124  8:28  Zerg Flyer Armor Level 1, Spine Crawler  
  123  8:35  Overlord x3  
  123  8:41  Overseer  
  123  8:49  Mutalisk x11  
  123  8:53  Overlord x2  
  145  8:56  Zerg Missile Weapons Level 1  
  145  8:59  Drone x3  
  148  9:13  Corruptor x4  
  147  9:17  Zergling x2  
  147  9:18  Extractor, Zergling x14  
  147  9:20  Extractor  
  153  9:26  Corruptor x2  
  157  9:33  Glial Reconstitution  
  157  9:34  Overlord  
  157  9:36  Corruptor  
  157  9:37  Corruptor  
  160  9:52  Corruptor x3  
  165  10:00  Overlord  
  165  10:01  Corruptor x2  
  151  10:24  Drone x7  
  151  10:26  Mutalisk x6  
  165  10:34  Spine Crawler  
  165  10:35  Spine Crawler x2  
  162  10:41  Drone  
  162  10:42  Drone x11  
  160  10:43  Zergling x2  
  142  11:06  Mutalisk x5  
  146  11:12  Zergling x2  
  146  11:13  Zergling x8  
  151  11:22  Mutalisk x3  
  151  11:23  Mutalisk  
  155  11:35  Mutalisk x4  
  155  11:37  Zergling x4  
  145  11:58  Roach x9  
  145  11:59  Roach x2  
  93  12:32  Drone x6  
Show
View Real Time Build Order
Export as new Build Order

Neeblet Protoss - Winner!

Build Orders: 1 Gate Expand, Oracle Opening, Zealot Archon 

Get SALT Encoding   

  12  0:00  Probe (Chrono Boost)  
  13  0:11  Probe (Chrono Boost)  
  14  0:17  Pylon  
  14  0:22  Probe (Chrono Boost)  
  16  0:35  Probe (Chrono Boost)  
  16  0:37  Gateway  
  16  0:45  Assimilator  
  16  0:46  Probe (Chrono Boost)  
  17  0:56  Probe (Chrono Boost)  
  18  1:07  Probe (Chrono Boost)  
  19  1:18  Nexus  
  19  1:21  Probe (Chrono Boost)  
  20  1:31  Cybernetics Core  
  20  1:34  Probe (Chrono Boost)  
  20  1:38  Assimilator  
  21  1:44  Probe (Chrono Boost)  
  22  1:48  Pylon  
  22  1:55  Probe (Chrono Boost)  
  23  2:03  Adept  
  23  2:07  Warp Gate  
  23  2:08  Probe (Chrono Boost)  
  26  2:20  Probe (Chrono Boost)  
  27  2:28  Stargate  
  27  2:31  Probe x2 (Chrono Boost)  
  27  2:37  Stalker  
  31  2:41  Probe x2 (Chrono Boost)  
  33  2:46  Pylon  
  33  2:52  Probe x2 (Chrono Boost)  
  35  3:02  Probe (Chrono Boost)  
  35  3:03  Probe (Chrono Boost)  
  37  3:07  Oracle  
  40  3:13  Probe (Chrono Boost)  
  40  3:15  Probe (Chrono Boost)  
  42  3:23  Probe (Chrono Boost)  
  42  3:24  Gateway  
  42  3:26  Gateway  
  44  3:27  Probe (Chrono Boost)  
  44  3:29  Adept  
  47  3:34  Probe (Chrono Boost)  
  47  3:36  Gateway  
  47  3:39  Probe (Chrono Boost)  
  48  3:42  Pylon  
  48  3:44  Oracle  
  48  3:45  Probe (Chrono Boost)  
  49  3:51  Probe (Chrono Boost)  
  49  3:53  Assimilator  
  53  3:56  Probe (Chrono Boost)  
  53  4:02  Pylon  
  55  4:03  Probe (Chrono Boost)  
  55  4:06  Probe (Chrono Boost)  
  56  4:15  Probe (Chrono Boost)  
  58  4:17  Probe (Chrono Boost)  
  56  4:26  Void Ray  
  56  4:27  Probe x2 (Chrono Boost)  
  56  4:29  Nexus  
  58  4:32  Pylon  
  58  4:37  Assimilator  
  63  4:39  Probe (Chrono Boost)  
  63  4:40  Forge  
  63  4:43  Pylon  
  63  4:44  Probe (Chrono Boost)  
  64  4:51  Probe (Chrono Boost)  
  65  4:53  Zealot, Sentry x2  
  65  4:54  Pylon  
  65  4:56  Probe (Chrono Boost)  
  72  5:08  Probe (Chrono Boost)  
  72  5:10  Probe (Chrono Boost)  
  74  5:17  Sentry  
  74  5:18  Zealot x2  
  74  5:19  Probe (Chrono Boost)  
  74  5:21  Robotics Facility  
  83  5:23  Mothership Core (Chrono Boost)  
  83  5:29  Probe (Chrono Boost)  
  83  5:32  Protoss Ground Weapons Level 1  
  84  5:40  Probe (Chrono Boost)  
  87  5:43  Probe x2 (Chrono Boost), Assimilator  
  87  5:45  Twilight Council  
  87  5:46  Assimilator  
  87  5:50  Probe (Chrono Boost), Sentry  
  87  5:53  Probe (Chrono Boost)  
  87  5:55  Probe (Chrono Boost)  
  87  5:56  Pylon  
  92  6:01  Probe (Chrono Boost)  
  92  6:04  Probe (Chrono Boost)  
  94  6:07  Probe (Chrono Boost), Stalker x3  
  101  6:12  Probe (Chrono Boost)  
  101  6:14  Probe (Chrono Boost)  
  104  6:19  Pylon  
  104  6:20  Adept, Probe (Chrono Boost)  
  104  6:22  Probe (Chrono Boost)  
  104  6:23  Charge  
  108  6:25  Probe (Chrono Boost)  
  108  6:26  Warp Prism  
  108  6:32  Probe (Chrono Boost)  
  111  6:33  Templar Archives  
  111  6:37  Pylon  
  111  6:41  Pylon  
  111  6:42  Gateway  
  111  6:43  Pylon  
  111  6:45  Gateway  
  111  6:47  Gateway  
  111  6:48  Pylon  
  111  6:56  Gateway  
  111  6:57  Gateway  
  112  7:14  High Templar  
  112  7:15  High Templar x2  
  118  7:19  Phoenix  
  120  7:26  Stargate  
  120  7:27  Probe x2 (Chrono Boost)  
  120  7:28  Probe (Chrono Boost), High Templar  
  118  7:32  Photon Cannon  
  118  7:33  Photon Cannon, Pylon  
  118  7:34  Photon Cannon  
  118  7:35  Photon Cannon x2  
  118  7:38  Archon x2  
  118  7:44  Phoenix  
  118  7:50  Stalker x3  
  118  7:51  Stalker  
  125  7:53  Probe (Chrono Boost)  
  125  7:54  Probe x2 (Chrono Boost)  
  125  7:58  Protoss Ground Weapons Level 2  
  122  8:06  Phoenix  
  122  8:08  Probe x2 (Chrono Boost)  
  122  8:10  Phoenix  
  127  8:13  Probe (Chrono Boost)  
  125  8:24  Pylon  
  123  8:28  Phoenix  
  123  8:31  Photon Cannon, High Templar x2  
  123  8:32  Photon Cannon, Phoenix  
  129  8:36  Protoss Air Weapons Level 1  
  129  8:38  Archon  
  131  8:50  Phoenix  
  131  8:51  Nexus  
  131  8:53  Pylon  
  131  8:54  Phoenix  
  131  8:55  Zealot x7, Pylon  
  148  9:11  Phoenix  
  148  9:15  Phoenix  
  155  9:24  Probe (Chrono Boost)  
  155  9:27  Zealot x6  
  155  9:29  Zealot  
  155  9:30  Nexus, Zealot  
  169  9:36  Phoenix  
  169  9:40  Pylon  
  169  9:42  Fleet Beacon, Phoenix  
  173  10:11  Pylon  
  173  10:16  Pylon  
  173  10:17  Pylon  
  171  10:21  Pylon, Assimilator, Oracle  
  171  10:22  Anion Pulse-Crystals  
  171  10:24  Pylon, Phoenix  
  171  10:25  Assimilator  
  171  10:28  Photon Cannon  
  164  10:29  Photon Cannon, Pylon  
  164  10:33  Photon Cannon  
  162  10:46  High Templar x3  
  162  10:47  High Templar  
  170  10:57  Archon  
  170  10:58  Phoenix  
  170  11:00  Probe (Chrono Boost)  
  170  11:01  Probe x3 (Chrono Boost), Phoenix  
  170  11:13  Probe (Chrono Boost)  
  168  11:20  Phoenix  
  164  11:25  Zealot x6  
  164  11:26  Zealot x3, Phoenix  
  184  11:42  Phoenix  
  185  11:51  Phoenix  
  185  11:52  Stalker x3  
  190  11:58  Nexus  
  186  12:03  Phoenix  
  184  12:16  Phoenix  
Tags
 
Add a new tag
Caveats
  • Supply blocks, unpowered buildings, or Contaminate may cause inaccurate times.
  • Supply counts are checked every 10 seconds.